 Dungeon Crawl Stone Soup version 0.16.2-12-gd0ad4c3 (webtiles) character file.

141 dtsj the Cudgeler (level 5, -6/32 HPs)
             Began as a Gargoyle Fighter on Sept 18, 2015.
             Killed from afar by Britaniac's ghost (20 damage)
             ... with a flame tongue
             ... on level 3 of the Dungeon.
             The game lasted 00:04:00 (1835 turns).

dtsj the Cudgeler (Gargoyle Fighter)                Turns: 1835, Time: 00:04:00

Health: -6/32      AC: 15    Str: 20    XL:     5   Next: 24%
Magic:  5/5        EV:  7    Int:  9    God:
Gold:   100        SH:  9    Dex:  9    Spells: 0 memorised, 4 levels left

rFire  . . .     SeeInvis .     a - +0 flail
rCold  . . .     Clarity  .     b - +0 scale mail
rNeg   + . .     SustAb   .     c - +0 shield
rPois  ∞         Gourm    .     (no helmet)
rElec  +         Spirit   .     s - +0 cloak
rCorr  .         Warding  .     p - +2 pair of gloves
rMut   .         Stasis   .     (no boots)
MR     .....                    (no amulet)
Stlth  ..........               (no ring)
                                (no ring)

@: not resistant to hostile enchantments, extremely unstealthy
A: negative energy resistance 1, electricity resistance, unbreathing,
petrification resistance, rot immunity, AC +4
a: no special abilities


You were on level 3 of the Dungeon.
You were not hungry.

You visited 1 branch of the dungeon, and saw 3 of its levels.

You collected 100 gold pieces.

Inventory:

Hand weapons
 a - a +0 flail (weapon)
Armour
 b - a +0 scale mail (worn)
 c - a +0 shield (worn)
 p - a +2 pair of gloves (worn)
 s - a +0 cloak (worn)
Jewellery
 l - an uncursed ring of positive energy {unknown}
 v - an uncursed amulet of guardian spirit {unknown}
Scrolls
 f - a scroll of recharging {unknown}
 g - 4 scrolls of identify {unknown}
 h - a scroll of random uselessness {unknown}
 i - a scroll of noise {unknown}
 n - a scroll of enchant weapon {unknown}
Potions
 e - a potion of might
 j - a potion of cancellation {unknown}
 k - 2 potions of curing {unknown}
 o - 2 potions of magic {unknown}
 r - a potion of heal wounds {unknown}
 u - a potion of restore abilities {unknown}
Comestibles
 d - 2 bread rations
 m - a slice of pizza
 q - a meat ration
 t - a beef jerky


   Skills:
 - Level 3.2 Fighting
 + Level 5.2 Maces & Flails
 - Level 3.2 Armour
 - Level 3.2 Shields


You had 4 spell levels left.
You didn't know any spells.

Dungeon Overview and Level Annotations

Branches:
Dungeon (3/15)

Altars:
Gozag

Annotations:
D:3 Britaniac's ghost, experienced HEFE


Innate Abilities, Weirdness & Mutations

You are resistant to torment.
You are immune to poison.
Your stone body is very resilient (AC +4).
You resist negative energy.
You are resistant to electric shocks.
You can survive without breathing.
You are immune to petrification.
You are immune to rotting.


Message History

Here: Britaniac's ghost The floor.
There are monsters nearby!
You hit the goblin.
You kill the goblin!
A goblin comes into view.
You barely miss the goblin.
The goblin shouts!
The goblin barely misses you.
You hit the goblin.
The goblin is almost dead.
The goblin barely misses you.
You hit the goblin.
You kill the goblin!
Britaniac's ghost gestures at you while chanting.
The flame tongue hits you!
Britaniac's ghost points at you and mumbles some strange words.
The flame tongue hits you!
Ouch! That really hurt!
You die...

####### #.%.... #.#####
#.##### ### #.#.%..
#.######.#.###
#...>....#.# #
############.######.#.###
.....ggW@.)............>.
?...########.........####
#####..##.# # #.##..##.#
# #.....##.# # #.##.....#
# ######.######## #
#........#########
#.................


You could see Britaniac's ghost and 2 goblins.

Vanquished Creatures
  Sigmund (D:2)
  Robin (D:3)
  An adder (D:2)
  A shadow imp (D:3)
  An ooze (D:1)
  A ball python (D:2)
  5 bats
  9 goblins (D:3)
  6 hobgoblins
  A kobold (D:1)
  4 giant cockroaches
  2 giant geckos
  2 giant newts
  6 rats
41 creatures vanquished.

Notes
Turn   | Place    | Note
--------------------------------------------------------------
     0 | D:1      | dtsj, the Gargoyle Fighter, began the quest for the Orb.
     0 | D:1      | Reached XP level 1. HP: 14/14 MP: 1/1
   388 | D:1      | Reached XP level 2. HP: 12/19 MP: 2/2
   830 | D:2      | Reached XP level 3. HP: 23/23 MP: 3/3
   931 | D:2      | Found an opulent altar of Gozag.
  1563 | D:2      | Noticed Sigmund
  1683 | D:2      | Killed Sigmund
  1683 | D:2      | Reached skill level 4 in Maces & Flails
  1683 | D:2      | Reached XP level 4. HP: 28/28 MP: 4/4
  1746 | D:3      | Reached skill level 5 in Maces & Flails
  1746 | D:3      | Reached XP level 5. HP: 32/32 MP: 5/5
  1795 | D:3      | Noticed Robin
  1799 | D:3      | Noticed Britaniac's ghost (experienced HEFE)
  1819 | D:3      | Killed Robin
  1835 | D:3      | Killed from afar by Britaniac's ghost

Action                   |  1- 3 |  4- 6 || total
-------------------------+-------+-------++-------
Melee: Flail             |    98 |    42 ||   140
  Use: Potion            |     1 |       ||     1
  Eat: Chunk             |     2 |     1 ||     3
